 Dungeon Crawl Stone Soup version 0.31-a0-1204-ge2c1a860ed (webtiles) character file.

Game seed: 5942811286886570653

511 hikkokomori the Digger (level 7, 0/41 HPs)
             Began as a Gargoyle Earth Elementalist on Dec 12, 2023.
             Was an Initiate of Okawaru.
             Slain by Duvessa
             ... wielding a +1 short sword of venom
              (9 damage)
             ... on level 4 of the Dungeon.
             The game lasted 00:04:16 (3581 turns).

hikkokomori the Digger (GrEE)                       Turns: 3581, Time: 00:04:16

Health: 0/41       AC:  8    Str: 12    XL:     7   Next: 19%
Magic:  8/12       EV: 11    Int: 20    God:    Okawaru [......]
Gold:   141        SH:  0    Dex: 10    Spells: 9/13 levels left

rFire   . . .        q - +2 dagger (chaos)
rCold   . . .        (no shield)
rNeg    + . .        a - +0 robe
rPois   ∞            u - +1 helmet {Int+3}
rElec   +            (no cloak)
rCorr   .            (no gloves)
SInv    .            (no boots)
Will    +....        (no amulet)
Stlth   ++           n - ring of willpower
HPRegen 0.26/turn    (no ring)
MPRegen 0.13/turn

%: no passive effects
@: no status effects
A: sickness immunity, AC +4, negative energy resistance 1, electricity
resistance, torment resistance 1, petrification resistance
a: Renounce Religion


You were on level 4 of the Dungeon.
You worshipped Okawaru.
Okawaru was noncommittal.
You visited 1 branch of the dungeon, and saw 4 of its levels.

You collected 141 gold pieces.

Inventory:

Hand Weapons
 q - a +2 dagger of chaos (weapon)
 t - a +2 short sword of holy wrath
Armour
 a - a +0 robe (worn)
 c - a +0 helmet
 u - a +1 helmet of intelligence (worn)
Jewellery
 n - a ring of willpower (left hand)
Wands
 o - a wand of iceblast (7)
Scrolls
 g - 4 scrolls of fear {unknown}
 h - 5 scrolls of identify
 i - a scroll of amnesia {unknown}
 j - a scroll of silence {unknown}
 k - 3 scrolls of teleportation {unknown}
 l - a scroll of poison {unknown}
 m - a scroll of brand weapon {unknown}
 r - a scroll of vulnerability {unknown}
Potions
 b - a potion of magic
 d - 2 potions of curing
 e - 2 potions of might {unknown}
 f - a potion of heal wounds {unknown}
 p - a potion of lignification {unknown}
 s - a potion of invisibility {unknown}


   Skills:
 + Level 3.6 Fighting
 - Level 1.5 Dodging
 - Level 4.5 Stealth
 + Level 3.8 Spellcasting
 + Level 1.1 Conjurations
 - Level 0.7 Transmutations
 + Level 5.6 Earth Magic
 + Level 1.0 Invocations


You had 9 spell levels left.
You knew the following spells:

 Your Spells              Type           Power      Damage    Failure   Level
a - Sandblast             Erth           52%        2d12      1%          1
b - Stone Arrow           Conj/Erth      34%        3d9       10%         3

Your spell library contained the following spells:

 Spells                   Type           Power      Damage    Failure   Level
 Passwall                 Tmut/Erth      13%        N/A       5%          2
 Brom's Barrelling Bould  Conj/Erth      17%        2d4       32%         4
 Petrify                  Tmut/Erth      16%        N/A       34%         4


Dungeon Overview and Level Annotations

Branches:
Dungeon (4/15)
 Temple: D:4-7

Altars:
Okawaru
Xom

Annotations:
D:4 Duvessa


Innate Abilities, Weirdness & Mutations

You are immune to sickness and miasma.
Your stone body is resilient. (AC +4)
You are immune to poison.
You resist negative energy. (rN+)
You are resistant to electric shocks. (rElec)
You are resistant to unholy torment.
You are immune to petrification.


Message History

You finish putting on your +1 helmet of intelligence.
You feel clever.
n - a ring of willpower (left hand)
Things that are here:
a +0 dagger; a goblin corpse Dowan is nearby!
Dowan is nearby!
Dowan is nearby!
Dowan is nearby!
Dowan shouts!
You hear a shout!
Duvessa, Sister of Dowan comes into view.
She is wielding a +1 short sword of venom.
The blast of sand hits Dowan!!
Dowan is almost dead.
Dowan points at you and mumbles some strange words.
The puff of flame hits you.
The blast of sand hits Dowan!!
You kill Dowan!
Okawaru accepts your kill.
Duvessa weeps, and shakes her weapon.
Duvessa goes berserk!
Duvessa rages.
Your Conjurations skill increases to level 1!
Your Invocations skill increases to level 1!
The blast of sand misses Duvessa.
Duvessa barely misses you.
Duvessa hits you with a +1 short sword of venom.
Unknown command.
The blast of sand hits Duvessa.
Duvessa is lightly wounded.
Duvessa hits you with a +1 short sword of venom! x2
Unknown command.
You are too injured to fight recklessly!
Unknown command.
Aiming: Iceblast
Press: ? - help, Shift-Dir - straight line, p - Duvessa The mass of ice explodes!
The iceblast engulfs Duvessa.
Duvessa is lightly wounded.
Duvessa hits you with a +1 short sword of venom.
* * * LOW HITPOINT WARNING * * *
Duvessa hits you with a +1 short sword of venom!
You die...

##..##).######.##..
#.........#.)..#...
+......)..#....#...
##..##....##'#####.
##..##....##...###.
#....†)............
#.....))...........
###.)[....##...###†
#@###############.
......)e.# #...
.........# #...
.........# #...
.........# #...
.........# #...
###.##..## ##.. #.
#..# ###


You could see Duvessa (berserk).

Vanquished Creatures
  An ogre (D:3)
  Dowan (D:4)
  4 crimson imps (D:3)
  2 hounds (D:4)
  Robin (D:4)
  6 adders
  2 ufetubi (D:3)
  2 dart slugs (D:1)
  11 orcs
  A bat (D:1)
  4 endoplasms
  3 giant cockroaches
  11 goblins
  12 hobgoblins
  4 jackals (D:3)
  8 kobolds
  3 quokkas
  7 ball pythons
  3 frilled lizards (D:1)
  3 rats
89 creatures vanquished.

Notes
Turn   | Place    | Note
-------+----------+-------------------------------------------
     0 | D:1      | hikkokomori the Gargoyle Earth Elementalist began the quest
                  | for the Orb.
     0 | D:1      | Reached XP level 1. HP: 10/10 MP: 3/3
    74 | D:1      | Found a faded altar of an unknown god.
   180 | D:1      | Reached XP level 2. HP: 16/16 MP: 3/5
   316 | D:1      | Reached skill level 1 in Fighting
   490 | D:1      | Reached skill level 4 in Earth Magic
   634 | D:1      | Reached XP level 3. HP: 20/20 MP: 4/6
   886 | D:2      | Identified the +0 sling of Pitong {freeze, rC+}
  1684 | D:2      | Reached XP level 4. HP: 26/26 MP: 4/7
  2080 | D:3      | Noticed an ogre
  2089 | D:3      | Killed an ogre
  2090 | D:3      | Reached XP level 5. HP: 17/31 MP: 3/9
  2611 | D:3      | Found a shimmering altar of Xom.
  2616 | D:3      | Reached skill level 5 in Earth Magic
  2616 | D:3      | Reached XP level 6. HP: 36/36 MP: 7/10
  3294 | D:4      | Found an iron altar of Okawaru.
  3304 | D:4      | Became a worshipper of Warmaster Okawaru
  3315 | D:4      | Learned a level 3 spell: Stone Arrow
  3427 | D:4      | Noticed Robin
  3434 | D:4      | Killed Robin
  3450 | D:4      | Reached XP level 7. HP: 21/41 MP: 0/12
  3558 | D:4      | Noticed Dowan
  3575 | D:4      | Noticed Duvessa
  3578 | D:4      | Killed Dowan
  3579 | D:4      | Reached skill level 1 in Conjurations
  3579 | D:4      | Reached skill level 1 in Invocations
  3581 | D:4      | Slain by Duvessa

Illustrated notes

Levels and vault maps discovered:
D:1:      ncdulo_lavacross, layout_rooms, dreamdust_ecumenical_altar_statues,
          minmay_misc_feat_nine_boxes, corexii_corridor_pit
D:2:      layout_loops_corners
D:3:      layout_loops_ring, led_xom_imps, hangedman_feature_mirror,
          nicolae_underground_beach
D:4:      layout_gridville, nemelex_dance_club_becter, okawaru_gym_becter,
          mainiacjoe_overflow_alcove_3, uniq_duvessa, uniq_robin

Skill      XL: |  1  2  3  4  5  6  7 |
---------------+----------------------+-----
Fighting       | 1 2 3 |  3.6
Earth Magic    | 4 5 |  5.6
Stealth        | 3 4 |  4.5
Spellcasting   | 3 |  3.8
Conjurations   | 1 |  1.1
Invocations    | 1 |  1.0
Dodging        | |  1.5
Transmutations | |  0.7

Action                     |  1- 3 |  4- 6 |  7- 9 || total
---------------------------+-------+-------+-------++-------
  Melee: Unarmed           |     6 |     6 |       ||    12
         Dagger            |       |       |     9 ||     9
   Cast: Sandblast         |    49 |    96 |     6 ||   151
  Evoke: Wand              |       |       |     1 ||     1
    Use: Scroll            |     1 |       |       ||     1
 Armour: Robe              |    17 |    69 |    10 ||    96
  Dodge: Dodged            |    14 |    54 |     8 ||    76

Table legend: (Time is in decaauts)
 A = Elapsed time spent in this place.
 B = Non-inter-level travel time spent in this place.
 C = Inter-level travel time spent in this place.
 D = Time resting spent in this place.
 E = Time spent auto-exploring this place.
 F = Levels seen in this place.
 G = Mean time per level.
                   A        B        C        D        E       F      G
               +--------+--------+--------+--------+--------+-----+--------+
         Total |   3654 |   3569 |     85 |      0 |   3084 |   4 |  913.5 |
       Dungeon |   3654 |   3569 |     85 |      0 |   3084 |   4 |  913.5 |
               +--------+--------+--------+--------+--------+-----+--------+

Top non-repeatable levels by time:
     D:3: 1283 daAuts
     D:2: 1004 daAuts
     D:1: 795 daAuts
     D:4: 571 daAuts
